 Dungeon Crawl Stone Soup version 0.27-a0-1105-g946c659c87 (webtiles) character file.

Game seed: 18007515467000312593

634 DarkShadow the Covered (level 7, -2/60 HPs)
             Began as a Minotaur Fighter on Apr 29, 2021.
             Was an Initiate of Gozag.
             Slain by an ogre
             ... wielding a +0 giant club
              (8 damage)
             ... on level 5 of the Dungeon.
             The game lasted 00:08:34 (5136 turns).

DarkShadow the Covered (Minotaur Fighter)           Turns: 5136, Time: 00:08:34

Health: -2/60      AC: 12    Str: 23    XL:     7   Next: 25%
Magic:  6/6        EV:  6    Int:  5    God:    Gozag
Gold:   168        SH: 11    Dex:  9    Spells: 6/6 levels left

rFire    . . .     SeeInvis .   a - +1 rapier
rCold    . . .     Faith    .   c - +1 kite shield
rNeg     . . .     Spirit   .   u - +0 chain mail
rPois    .         Reflect  .   (helmet restricted)
rElec    .         Harm     .   w - +0 cloak
rCorr    .         Rampage  .   n - +0 pair of gloves
Will     .....                  (no boots)
Stlth    ..........             (no amulet)
HPRegen  0.20/turn              (no ring)
MPRegen  0.10/turn              (no ring)

@: no status effects
A: horns 2, retaliatory headbutt
a: Renounce Religion, Potion Petition, Call Merchant, Bribe Branch


You were on level 5 of the Dungeon.
You worshipped Gozag.
Gozag was aware of your devotion.
You visited 2 branches of the dungeon, and saw 6 of its levels.

You collected 234 gold pieces.
You paid 66 gold pieces to Gozag.

Inventory:

Hand Weapons
 a - a +1 rapier (weapon)
Missiles
 j - 5 boomerangs of dispersal (quivered)
Armour
 b - a +0 scale mail
 c - a +1 kite shield (worn)
 n - a +0 pair of gloves (worn)
 u - a +0 chain mail (worn)
 w - a +0 cloak (worn)
Jewellery
 r - a ring of ice
Wands
 o - a wand of flame (38)
Scrolls
 g - 2 scrolls of vulnerability
 i - a scroll of magic mapping
 l - a scroll of enchant armour
 p - 3 scrolls of identify
 t - a scroll of fear {unknown}
Potions
 d - a potion of might
 e - a potion of attraction {unknown}
 f - 4 potions of curing
 h - a potion of magic {unknown}
 k - a potion of heal wounds {unknown}
 m - a potion of mutation {unknown}
 q - a potion of haste {unknown}
 s - a potion of lignification {unknown}
 v - a potion of cancellation {unknown}


   Skills:
 + Level 4.8 Fighting
 + Level 5.7 Short Blades
 + Level 6.1 Armour
 + Level 5.7 Shields


You had 6 spell levels left.
You didn't know any spells.
Your spell library contained the following spells:

 Spells                   Type           Power      Damage    Failure   Level
 Animate Skeleton         Necr           0%         N/A       100%        1
 Apportation              Tloc           0%         N/A       100%        1
 Corona                   Hex            0%         N/A       100%        1
 Summon Small Mammal      Summ           0%         N/A       100%        1


Dungeon Overview and Level Annotations

Branches:
Dungeon (5/15)             Temple (1/1) D:5

Altars:
Ashenzari
Dithmenos
Elyvilon
Gozag
Hepliaklqana
Kikubaaqudgha
Makhleb
Nemelex Xobeh
Ru
Sif Muna
Trog
Wu Jian
Xom
Yredelemnul
Zin
The Shining One


Innate Abilities, Weirdness & Mutations

You have a pair of horns on your head.
You reflexively headbutt those who attack you in melee.


Message History

You destroy the adder skeleton!
No target in view!
No target in view!
No target in view!
No target in view!
No target in view!
No target in view!
You now have 168 gold pieces (gained 5).
You enter the shallow water.
Moving in this stuff is going to be slow.
A black bear and an ogre come into view.
The ogre shouts!
The black bear growls angrily.
A sky beast comes into view.
Found 22 stones.
You enter the shallow water.
Moving in this stuff is going to be slow.
Found a long smoking staff.
The ogre hits you with a +0 giant club!
The black bear bites you but does no damage.
You block the black bear's attack. x2
The sky beast hits you but does no damage.
The ogre hits you with a +0 giant club!
You puncture the sky beast!
The sky beast is moderately wounded.
The black bear bites you. The black bear barely misses you.
The black bear completely misses you.
The sky beast hits you but does no damage.
Your unstable footing causes you to fumble your attack.
The black bear bites you. The black bear claws you.
The black bear completely misses you. The ogre hits you with a +0 giant club!
* * * LOW HITPOINT WARNING * * *
The sky beast hits you.
* * * LOW HITPOINT WARNING * * *
The sky beast shocks you.
* * * LOW HITPOINT WARNING * * *
You block the black bear's attack. The black bear completely misses you.
The black bear claws you but does no damage.
The ogre hits you with a +0 giant club!
You die...
Your body crumbles into a pile of gold.

........#
#.#≈≈###...........≈.≈.
..>...#.#
#..≈≈.##...........≈...
........#
##.≈≈≈≈#.............≈≈
......#.#
#..≈≈.≈..........#.....
........#
#≈.≈≈............######
#.#.#.#.# #≈≈≈≈............#
........###..≈≈............#
....#...#..≈.≈.≈≈..........#
....###+#....≈≈≈@..#######
.....≈YOh..# ...≈.≈≈....#
...≈.≈≈..≈.# .....≈≈...(#
....≈≈≈≈...# ....≈≈≈≈|.##
.###.≈≈..##


You could see a black bear, a sky beast and an ogre.

Vanquished Creatures
  A black bear (D:4)
  2 phantoms (D:4)
  A scorpion (D:4)
  2 iguanas
  Ijyb (D:4)
  Robin (D:4)
  5 gnolls
  A howler monkey skeleton (D:5)
  6 adders
  An adder zombie (D:2)
  An adder skeleton (D:5)
  2 worms
  2 dart slugs
  9 orcs (D:4)
  A bat skeleton (D:2)
  3 endoplasms
  4 giant cockroaches
  19 goblins
  17 hobgoblins
  5 jackals
  4 quokkas
  3 ball pythons
  3 ball python skeletons (D:2)
  2 bats
  2 frilled lizards (D:2)
  10 kobolds
  A quokka skeleton (D:2)
  3 rats
112 creatures vanquished.

Notes
Turn   | Place    | Note
-------+----------+-------------------------------------------
     0 | D:1      | DarkShadow the Minotaur Fighter began the quest for the
                  | Orb.
     0 | D:1      | Reached XP level 1. HP: 19/19 MP: 0/0
    87 | D:1      | Found a faded altar of an unknown god.
   376 | D:1      | Reached XP level 2. HP: 27/27 MP: 1/1
   839 | D:2      | Reached skill level 4 in Armour
  1339 | D:2      | Reached XP level 3. HP: 33/33 MP: 2/2
  2159 | D:3      | Reached XP level 4. HP: 40/40 MP: 3/3
  2884 | D:4      | Noticed a scorpion
  2897 | D:4      | Killed a scorpion
  2898 | D:4      | Reached skill level 5 in Armour
  2898 | D:4      | Reached XP level 5. HP: 6/47 MP: 4/4
  3358 | D:4      | Noticed a phantom
  3368 | D:4      | Killed a phantom
  3369 | D:4      | Reached skill level 5 in Shields
  3369 | D:4      | Reached XP level 6. HP: 42/53 MP: 5/5
  3963 | D:4      | Noticed Robin
  3980 | D:4      | Killed Robin
  4073 | D:4      | Reached skill level 5 in Short Blades
  4170 | D:4      | Noticed Ijyb
  4179 | D:4      | Killed Ijyb
  4507 | D:4      | Reached skill level 6 in Armour
  4507 | D:4      | Reached XP level 7. HP: 56/60 MP: 6/6
  4728 | D:5      | Entered Level 5 of the Dungeon
  4743 | D:5      | Found a staircase to the Ecumenical Temple.
  4755 | Temple   | Entered the Ecumenical Temple
  4964 | Temple   | Became a worshipper of Gozag Ym Sagoz the Greedy
  5136 | D:5      | Slain by an ogre

Illustrated notes

Levels and vault maps discovered:
D:1:      saegor_arrival_simple_d, layout_loops_ring,
          hellmonk_ecumenical_altar_run_dry
D:2:      layout_basic, serial_undead, serial_undead_c, serial_undead_d,
          serial_undead_d, serial_undead_e
D:3:      layout_loops_cross, nicolae_underground_beach
D:4:      corexii_shantytown, layout_loops_ring, uniq_ijyb, uniq_robin
D:5:      layout_basic, grunt_temple_overflow_forces_of_nature,
          minmay_temple_entry_glass, serial_rivers,
          chequers_serial_rivers_small_b, chequers_serial_rivers_micro_c,
          chequers_serial_rivers_small_b, chequers_serial_rivers_small_3,
          chequers_serial_rivers_large_a, chequers_serial_rivers_small_3
Temple:   hc_temple_tempest_star

Skill      XL: |  1  2  3  4  5  6 |
---------------+-------------------+-----
Armour         | 4 5 6 |  6.1
Shields        | 4 5 |  5.7
Fighting       | 4 |  4.8
Short Blades   | 3 4 5 |  5.7

Action                   |  1- 3 |  4- 6 |  7- 9 || total
-------------------------+-------+-------+-------++-------
Melee: Rapier            |    85 |   214 |    22 ||   321
       Headbutt          |    10 |    31 |     2 ||    43
  Use: Scroll            |     4 |     3 |       ||     7
Armor: Scale mail        |    34 |    64 |       ||    98
       Chain mail        |       |    13 |    11 ||    24
Dodge: Dodged            |    29 |    55 |     8 ||    92
Block: Kite shield       |    60 |    99 |    10 ||   169

Table legend: (Time is in decaauts)
 A = Elapsed time spent in this place.
 B = Non-inter-level travel time spent in this place.
 C = Inter-level travel time spent in this place.
 D = Time resting spent in this place.
 E = Time spent auto-exploring this place.
 F = Levels seen in this place.
 G = Mean time per level.
                   A        B        C        D        E       F      G
               +--------+--------+--------+--------+--------+-----+--------+
         Total |   5207 |   4978 |    229 |    427 |   3736 |   6 |  867.8 |
       Dungeon |   4948 |   4766 |    182 |    427 |   3544 |   5 |  989.6 |
        Temple |    258 |    211 |     47 |      0 |    192 |   1 |  258.0 |
               +--------+--------+--------+--------+--------+-----+--------+

Top non-repeatable levels by time:
     D:4: 1914 daAuts
     D:2: 1329 daAuts
     D:1: 841 daAuts
     D:3: 709 daAuts
  Temple: 258 daAuts
     D:5: 153 daAuts
